 Dungeon Crawl Stone Soup version 0.20-a0-633-gff4aa5c (webtiles) character file.

116 w00t the Skirmisher (level 4, -6/45 HPs)
             Began as a Deep Dwarf Fighter on Feb 11, 2017.
             Mangled by an ogre
             ... wielding a cursed -2 giant spiked club
              (26 damage)
             ... on level 4 of the Dungeon.
             The game lasted 00:01:31 (2425 turns).

w00t the Skirmisher (Deep Dwarf Fighter)            Turns: 2425, Time: 00:01:31

Health: -6/45      AC:  9    Str: 21    XL:     4   Next: 69%
Magic:  4/4        EV:  6    Int:  8    God:
Gold:   236        SH:  9    Dex: 12    Spells: 3/3 levels left

rFire    . . .     SeeInvis .   a - +0 war axe
rCold    . . .     Gourm    .   e - +0 chain mail
rNeg     . . .     Faith    .   c - +0 shield
rPois    .         Spirit   .   (no helmet)
rElec    .         Reflect  .   (no cloak)
rCorr    .         Harm     .   (no gloves)
MR       .....                  (no boots)
Stlth    ..........             (no amulet)
Regen    0.0/turn               (no ring)
                                (no ring)

@: non-regenerating, drained
A: damage resistance, heal wounds, sense surroundings 1, slow regeneration 3
a: Heal Wounds


You were on level 4 of the Dungeon.
You were not hungry.

You visited 1 branch of the dungeon, and saw 4 of its levels.

You collected 236 gold pieces.

Inventory:

Hand Weapons
 a - a +0 war axe (weapon)
Missiles
 p - 67 stones (quivered)
Armour
 b - a +0 scale mail
 c - a +0 shield (worn)
 e - a +0 chain mail (worn)
Jewellery
 m - an uncursed ring of ice {unknown}
 t - an uncursed ring of protection from cold {unknown}
Wands
 u - a wand of enslavement (12/24)
Scrolls
 i - a scroll of enchant weapon {unknown}
 j - a scroll of teleportation {unknown}
 r - 4 scrolls of remove curse {unknown}
 s - a scroll of immolation {unknown}
 v - 2 scrolls of identify {unknown}
Potions
 d - 2 potions of might
 g - a potion of heal wounds {unknown}
 k - a potion of cancellation {unknown}
 l - a potion of brilliance {unknown}
 n - a potion of curing {unknown}
 o - a potion of magic {unknown}
 w - a potion of mutation {unknown}
Comestibles
 f - 2 bread rations
 h - 6 chunks of flesh
 q - 2 meat rations


   Skills:
 * Level 4.5(4.3) Fighting
 - Level 2.1(2.0) Axes
 - Level 3.2(3.1) Armour
 + Level 2.1(2.0) Dodging
 - Level 3.2(3.1) Shields


You had 3 spell levels left.
You didn't know any spells.

Dungeon Overview and Level Annotations

Branches:
Dungeon (4/15)             Temple (0/1) D:4

Altars:
Ashenzari
Vehumet


Innate Abilities, Weirdness & Mutations

You are resistant to damage.
You can heal yourself by infusing magical energy.
You passively map a small area around you.
You do not regenerate.


Message History

There is an open door here.
There is a stone staircase leading down here.
You climb downwards.
Found a scroll labeled ITZIZY IXOPP and 15 gold pieces.
Found an escape hatch in the floor.
There is a stone staircase leading up here.
You enter a teleport trap!
The teleport trap disappears.
Your surroundings suddenly seem different.
Found a chain mail.
You now have 236 gold pieces (gained 13).
You open the door.
An ogre comes into view. It is wielding a giant spiked club.
The ogre shouts!
Found 26 stones.
Found a staircase to the Ecumenical Temple.
You slash the ogre!
The ogre is moderately wounded.
The ogre hits you with a giant spiked club!!
Ouch! That really hurt!
You die...

####*
############*
#8...
*##§≈##....... ,
#.....##§§≈.....#
*
#..>(.O@§§.≈....#
*
#.....##≈.≈§≈≈..#
#8... *##≈≈§≈≈#.#
####* ##≈≈###.#
#### #.######## *
######......... *
* *
.....[......###
,,######..###.# *
#..# * #


You could see an ogre.

Vanquished Creatures
  3 gnolls (D:3)
  2 adders (D:3)
  2 worms (D:2)
  2 leopard geckos
  6 orcs (D:3)
  6 bats
  A giant cockroach (D:1)
  6 goblins
  5 hobgoblins
  8 jackals (D:1)
  8 kobolds
  A ball python (D:2)
  4 frilled lizards
  4 rats
58 creatures vanquished.

Notes
Turn   | Place    | Note
-------+----------+-------------------------------------------
     0 | D:1      | w00t the Deep Dwarf Fighter began the quest for the Orb.
     0 | D:1      | Reached XP level 1. HP: 20/20 MP: 1/1
   182 | D:1      | Reached skill level 3 in Fighting
   231 | D:1      | Reached XP level 2. HP: 26/28 MP: 2/2
   304 | D:1      | Found a shattered altar of Ashenzari.
   436 | D:1      | Reached skill level 1 in Dodging
   857 | D:2      | Reached XP level 3. HP: 31/34 MP: 3/3
  1512 | D:3      | Reached skill level 4 in Fighting
  1780 | D:3      | Reached XP level 4. HP: 41/44 MP: 4/4
  1850 | D:3      | Found a radiant altar of Vehumet.
  2424 | D:4      | Found a staircase to the Ecumenical Temple.
  2424 | D:4      | Noticed an ogre
  2425 | D:4      | Mangled by an ogre

Vault maps used:
D:1:      nicolae_arrival_washed_ashore, ashenzari_altar_1
D:3:      lemuel_crystal_altar, kennysheep_generic_room_3
D:4:      cheibrodos_thug_alley, kennysheep_mini_moat, minmay_temple_entry_fiery

Skill      XL: |  1  2  3  4 |
---------------+-------------+-----
Fighting       | 3 4 |  4.5
Dodging        | 1 2 |  2.1
Axes           | |  2.1
Armour         | |  3.2
Shields        | |  3.2

Action                   |  1- 3 |  4- 6 || total
-------------------------+-------+-------++-------
Melee: War axe           |   190 |    28 ||   218
Throw: Stone             |    56 |    29 ||    85
 Abil: Heal Wounds       |     1 |       ||     1
  Eat: Chunk             |     3 |     2 ||     5
Armor: Chain mail        |   141 |    18 ||   159
Dodge: Dodged            |    46 |    13 ||    59
Block: Shield            |   122 |    22 ||   144
